 Dungeon Crawl Stone Soup version 0.30-a0-779-g7971cf19c3 (webtiles) character file.

Game seed: 4713720008924121039

59 Shayle the Conjurer (level 3, -2/26 HPs)
             Began as a Demonspawn Conjurer on Feb 17, 2023.
             Slain by an orc
             ... wielding a +2 flail of protection
              (4 damage)
             ... on level 3 of the Dungeon.
             The game lasted 00:04:01 (1982 turns).

Shayle the Conjurer (Demonspawn Conjurer)           Turns: 1982, Time: 00:04:02

Health: -2/26      AC:  2    Str:  7    XL:     3   Next: 78%
Magic:  1/6        EV: 12    Int: 21    God:
Gold:   93         SH:  0    Dex: 11    Spells: 3/6 levels left

rFire   . . .      SeeInvis .    r - +2 flail (drain)
rCold   . . .      Faith    .    (no shield)
rNeg    . . .      Spirit   .    a - +0 robe
rPois   .          Reflect  .    (no helmet)
rElec   .          Harm     .    (no cloak)
rCorr   .          Rampage  .    (no gloves)
Will    .....                    (no boots)
Stlth   ++                       (no amulet)
HPRegen 0.24/turn                (no ring)
MPRegen 0.10/turn                (no ring)

@: no status effects
A: hooves 1
a: no special abilities


You were on level 3 of the Dungeon.
You visited 1 branch of the dungeon, and saw 3 of its levels.

You collected 93 gold pieces.

Inventory:

Hand Weapons
 d - a +0 arbalest
 n - a +0 flail
 r - a +2 flail of draining (weapon)
Armour
 a - a +0 robe (worn)
 c - a +0 cloak
Jewellery
 i - an amulet of reflection
 s - an amulet of regeneration
Scrolls
 g - 4 scrolls of enchant weapon {unknown}
 h - a scroll of enchant armour {unknown}
 j - 2 scrolls of identify {unknown}
 k - a scroll of teleportation {unknown}
 o - a scroll of fear {unknown}
 p - a scroll of silence {unknown}
Potions
 b - a potion of magic
 e - 2 potions of lignification {unknown}
 f - a potion of brilliance {unknown}
 l - a potion of might {unknown}
 m - a potion of curing {unknown}
 q - a potion of flight {unknown}


   Skills:
 + Level 1.3 Fighting
 + Level 2.2 Dodging
 + Level 2.3 Stealth
 + Level 2.4 Spellcasting
 + Level 4.3 Conjurations


You had 3 spell levels left.
You knew the following spells:

 Your Spells              Type           Power      Damage    Failure   Level
a - Magic Dart            Conj           80%        1d7       2%          1
b - Searing Ray           Conj           40%        2d5       3%          2

Your spell library contained the following spells:

 Spells                   Type           Power      Damage    Failure   Level
 Dazzling Flash           Conj/Hex       22%        N/A       17%         3
 Cigotuvi's Dreadful Rot  Necr/Pois/Air  4%         N/A       22%         2
 Fulminant Prism          Conj/Hex       5%         3d7       50%         4
 Iskenderun's Mystic Bla  Conj/Tloc      11%        2d4       50%         4
 Dispel Undead            Necr           2%         3d7       80%         4
 Death Channel            Necr           1%         N/A       100%        6


Dungeon Overview and Level Annotations

Branches:
Dungeon (3/15)

Altars:


Innate Abilities, Weirdness & Mutations

You have large cloven feet.


Message History

An orc is nearby!
An orc is nearby!
Casting: Magic Dart (safe; 2% risk of failure)
Confirm with . or Enter, or press ? or * to list all spells.
Aiming: Magic Dart (safe; 2% risk of failure)
Press: ? - help, Shift-Dir - straight line, f - orc
Aim: an orc, wielding a +2 flail of protection and wearing a +0 chain mail (wandering, hasn't noticed you, 100% to hit)
The magic dart hits the orc but does no damage.
The orc shouts!
Casting: Magic Dart (safe; 2% risk of failure)
Confirm with . or Enter, or press ? or * to list all spells.
Aiming: Magic Dart (safe; 2% risk of failure)
Press: ? - help, Shift-Dir - straight line, f/p - orc
Aim: an orc, wielding a +2 flail of protection and wearing a +0 chain mail (100% to hit)
The magic dart hits the orc but does no damage.
Casting: Magic Dart (safe; 2% risk of failure)
Confirm with . or Enter, or press ? or * to list all spells.
Aiming: Searing Ray (safe; 3% risk of failure)
Press: ? - help, Shift-Dir - straight line, f/p - orc
Aim: an orc, wielding a +2 flail of protection and wearing a +0 chain mail (84% to hit)
The searing ray hits the orc but does no damage. (Press . to maintain the ray.)
The orc drinks a potion.
The orc goes berserk!
The searing ray hits the orc but does no damage.
The orc rages.
The searing ray hits the orc!
The orc is almost dead.
The orc hits you with a +2 flail of protection!
Without enough magic to sustain it, your searing ray dissipates.
The orc barely misses you.
You barely miss the orc. You kick the orc, but do no damage.
The orc is almost dead.
The orc hits you with a +2 flail of protection! x2
* * * LOW HITPOINT WARNING * * *
Okay, then.
You barely miss the orc. You kick the orc, but do no damage.
The orc is almost dead.
The orc barely misses you.
The orc hits you with a +2 flail of protection.
You die...

.>.........#.......#≈≈##.##...###
#..............##...≈≈.).###.##
#..........##..##.#.≈≈...# #.#
####...####(..###.~.~~~~.# #.####
.......# ###.# #...≈~...###.#...
####...# #.# #...~~..~....#...
#####..# #.# ##..~~..~........
..###..######.####..≈≈.~.#####...
#...............@o...~...# #...
#..##...#.###...#...~~~~.# ###.
#..###.##.# ###.#..)≈~~.~# ##.
#..###.##.# #.#....~...######.#
.....).##.# #.#.~.≈~)~.........
#..###.##.# #.#.#.≈~...########
#..# #.##.# #.#.#.≈≈~#.# .).#
#.##.# #.#.#.≈≈...# #[##
#.##.#####.#.##≈≈##>#


You could see an orc (berserk).

Vanquished Creatures
  7 orcs
  6 bats
  6 endoplasms
  3 giant cockroaches
  2 goblins
  4 hobgoblins
  3 jackals (D:3)
  4 ball pythons
  3 frilled lizards (D:2)
  6 kobolds
  4 rats
48 creatures vanquished.

Notes
Turn   | Place    | Note
-------+----------+-------------------------------------------
     0 | D:1      | Shayle the Demonspawn Conjurer began the quest for the Orb.
     0 | D:1      | Reached XP level 1. HP: 13/13 MP: 3/3
   228 | D:1      | Gained mutation: You have large cloven feet. [demonic
                  | ancestry]
   228 | D:1      | Reached XP level 2. HP: 20/20 MP: 5/5
   822 | D:2      | Reached skill level 1 in Fighting
   917 | D:2      | Reached XP level 3. HP: 26/26 MP: 6/6
  1550 | D:2      | Learned a level 2 spell: Searing Ray
  1981 | D:3      | HP: 1/26 [orc/+2 flail of protection (7)]
  1982 | D:3      | Slain by an orc

Illustrated notes

Levels and vault maps discovered:
D:1:      psy_arrival_dodecagon, layout_loops_cross
D:2:      layout_loops_ring
D:3:      layout_loops_ring, serial_rivers, chequers_serial_rivers_small_3,
          chequers_serial_rivers_marsh, chequers_serial_rivers_room_a,
          chequers_serial_rivers_micro_a, gammafunk_ghost_cemetery

Skill      XL: |  1  2 |
---------------+-------+-----
Stealth        | 2 |  2.3
Dodging        | 2 |  2.2
Fighting       | 1 |  1.3
Spellcasting   | |  2.4
Conjurations   | |  4.3

Action                     || total
---------------------------++-------
  Melee: Flail             ||     6
         Kick              ||     2
   Fire: Arbalest          ||   118
   Cast: Magic Dart        ||     7
         Searing Ray       ||     4
   Stab: Distracted        ||     1
 Armour: Robe              ||    24
  Dodge: Dodged            ||   103

Table legend: (Time is in decaauts)
 A = Elapsed time spent in this place.
 B = Non-inter-level travel time spent in this place.
 C = Inter-level travel time spent in this place.
 D = Time resting spent in this place.
 E = Time spent auto-exploring this place.
 F = Levels seen in this place.
 G = Mean time per level.
                   A        B        C        D        E       F      G
               +--------+--------+--------+--------+--------+-----+--------+
         Total |   2092 |   2025 |     67 |    175 |   1421 |   3 |  697.3 |
       Dungeon |   2092 |   2025 |     67 |    175 |   1421 |   3 |  697.3 |
               +--------+--------+--------+--------+--------+-----+--------+

Top non-repeatable levels by time:
     D:2: 922 daAuts
     D:1: 619 daAuts
     D:3: 550 daAuts
